[Event "*** Titled Tuesday Blitz"]
[Site "Chess.com"]
[Date "2020.05.19"]
[Round "3"]
[White "viktorskliarov"]
[Black "viviania"]
[Result "0-1"]
[WhiteElo "2587"]
[BlackElo "2886"]
[TimeControl "180+1"]
[EndTime "12:29:55 PDT"]
[Termination "viviania won by resignation"]

1. e4 e6 2. d4 d5 3. e5 c5 4. c3 Nc6 5. Nf3 Qb6 6. a3 c4 7. Nbd2 Bd7 8. g3 f6 9. h4 fxe5 10. dxe5 Bc5 11. Qe2 Nh6 12. Bh3 O-O 13. O-O Rae8 14. Rb1 Na5 15. Re1 Nf5 16. Kg2 Ba4 17. Nf1 Bc6 18. Bxf5 Rxf5 19. Nd4 Bxd4 20. cxd4 Qxd4 21. Bd2 Nb3 22. Bc3 Qc5 23. Bb4 d4+ 24.
Kh2 Qd5 25. f3 Rxf3 26. Nd2 Nxd2 27. Qxd2 Rd8 28. Bd6 Rd7 29. Rf1 Rdf7 30. Rxf3 Qxf3 31. Re1 c3 32. bxc3 dxc3 33. Qe2 h6 34. Qxf3 Rxf3 35. Rc1 Be4 36. Bb4 c2 37. Kh3 h5 38. Bd2 b6 39. Bg5 Kf7 40. Bf4 Kg6 41. Kh2 Kf5 42. a4 Kg4 43. Re1 Rf2+ 44. Kg1 Rg2+ 45. Kf1 Bd5 46.
Rc1 Rh2 47. Ke1 Kf3 48. Ra1 Rh1+ 49. Kd2 Rxa1 50. Kxc2 Rxa4 51. Kc3 b5 52. Bg5 Rc4+ 53.
Kb2 a6 54. Kb3 Kxg3 55. Ka3 Kg4 56. Be7 Kf5 57. Kb2 Kxe5 58. Bf8 Ke4 59. Bxg7 e5 60.
Bf6 Kf5 61. Bg5 e4 62. Ka3 Kg4 63. Kb2 Kf3 64. Ka3 e3 65. Bxe3 Kxe3 66. Kb2 Kd4 0-1

[Event "*** Titled Tuesday Blitz"]
[Site "Chess.com"]
[Date "2020.05.19"]
[Round "3"]
[White "marszach123"]
[Black "sopo-tereladze"]
[Result "1-0"]
[WhiteElo "2190"]
[BlackElo "2331"]
[TimeControl "180+1"]
[EndTime "12:29:57 PDT"]
[Termination "marszach123 won by checkmate"]

1. e4 e5 2. Nf3 Nc6 3. Bb5 a6 4. Ba4 Nf6 5. O-O Be7 6. Re1 b5 7.
Bb3 O-O 8. c3 d5 9. d4 exd4 10. e5 Ne4 11. cxd4 Bf5 12. Nc3 Nxc3 13. bxc3 Qd7 14. a4 Na5 15. Bc2 Nc4 16. Bg5 Bxc2 17. Qxc2 h6 18. Bxe7 Qxe7 19. Qb3 c6 20. Ra2 Rfe8 21.
Rea1 Rad8 22. axb5 axb5 23. Ra7 Rd7 24. Rxd7 Qxd7 25. Ne1 Qf5 26. Qc2 Qxc2 27. Nxc2 f6 28. f4 g5 29. g3 gxf4 30. gxf4 fxe5 31. fxe5 Kf7 32. Nb4 Ke6 33. Nxc6 Kf5 34. Nb4 Ke4 35. Re1+ Kf3 36. Nxd5 Rg8+ 37. Kh1 Kf2 38. Ra1 Nd2 39. Nf4 Nf3 40. e6 Re8 41. d5 Ke3 42. Ng6 Ng5 43.
e7 Ne4 44. Re1+ Kd3 45. Rxe4 Kxe4 46. d6 Kf3 47. d7 Ra8 48. Ne5+ Kf2 49. Nd3+ Kf3 50.
Ne1+ Kf2 51. e8=Q Ra1 52. d8=Q b4 53. Qd4+ Kf1 54. Qd3+ Kf2 55. Qde2# 1-0

[Event "*** Titled Tuesday Blitz"]
[Site "Chess.com"]
[Date "2020.05.19"]
[Round "3"]
[White "Oneofmyturns"]
[Black "David_Paravyan"]
[Result "0-1"]
[WhiteElo "2608"]
[BlackElo "2885"]
[TimeControl "180+1"]
[EndTime "12:29:58 PDT"]
[Termination "David_Paravyan won by resignation"]

1. d4 Nf6 2. c4 e6 3. Nc3 Bb4 4. Qc2 O-O 5. e4 d6 6. Bd2 c5 7. a3 Bxc3 8. Bxc3 cxd4 9. Bxd4 Nc6 10. Nf3 Nxd4 11. Nxd4 Qa5+ 12. b4 Qe5 13. O-O-O a5 14. f3 axb4 15. axb4 d5 16. Nb3 dxe4 17. Re1 Bd7 18.
fxe4 Ra4 19. Qb2 Qxb2+ 20. Kxb2 Rxb4 21. Kc3 Rb6 22. Bd3 Ng4 23. Rb1 Rc8 24. Nd4 Rxb1 25. Rxb1 Rc7 26. Ra1 Kf8 27. Ra8+ Ke7 28. Kb4 Nxh2 29.
Be2 g6 30. Ra7 h5 31. c5 Ng4 32. Bxg4 hxg4 33. e5 f6 34. exf6+ Kxf6 35. Nb5 Bxb5 36. Kxb5 e5 37. Kb6 Rc6+ 38. Kb5 Rc7 39. Kb6 Rc6+ 40. Kb5 e4 41. Rxb7 Re6 42. Rd7 e3 43. Rd1 Kf5 44. c6 Re8 45. c7 Rc8 46. Kc6 Kf4 47. Re1 Ke4 48. Kd7 Rg8 49. c8=Q Rxc8 50. Kxc8 Kd3 51.
Kd7 Kd2 52. Ra1 e2 53. Ra2+ Ke3 54. Ra1 Kf2 55. Ke6 e1=Q+ 56. Rxe1 Kxe1 57. Ke5 g5 58.
Kf5 g3 59. Kxg5 Kf2 60. Kg4 Kxg2 61. Kf4 Kf2 62. Kg4 g2 63. Kh3 g1=Q 0-1

[Event "*** Titled Tuesday Blitz"]
[Site "Chess.com"]
[Date "2020.05.19"]
[Round "3"]
[White "Jumbo"]
[Black "DarkAlekhine"]
[Result "1/2-1/2"]
[WhiteElo "2871"]
[BlackElo "2615"]
[TimeControl "180+1"]
[EndTime "12:29:58 PDT"]
[Termination "Game drawn by agreement"]

1. d4 Nf6 2. Bf4 g6 3. e3 Bg7 4. Nf3 d6 5. Be2 O-O 6. O-O b6 7. c4 Bb7 8. Qc2 c5 9. Nc3 Nh5 10. Bg5 h6 11. Bh4 cxd4 12. Nxd4 Nf6 13. Rfd1 Nbd7 14.
Rac1 Rc8 15. Qb1 a6 16. b3 Rc7 17. e4 Qa8 18. Nd5 Bxd5 19. exd5 Ne5 20. h3 b5 21. cxb5 Rxc1 22. Rxc1 axb5 23. Nc6 Nxd5 24. Bxb5 g5 25. Bg3 Nxc6 26. Bxc6 Qa5 27. Qe4 Nc3 28. Qxe7 Qxa2 29.
Re1 Qd2 30. Bxd6 Rc8 31. Bd7 Bf8 32. Qe3 Qxe3 33. Rxe3 Ne2+ 34. Kf1 Rc1+ 35. Kxe2 Bxd6 36. Bf5 Kg7 37. g3 Ra1 38. Bc2 Ra2 39. Kd3 Kf6 40.
Rf3+ Ke7 41. h4 Bc5 42. hxg5 hxg5 43. Rf5 Ba7 44. g4 f6 45. f3 Ra1 46. b4 Ra3+ 47. Kc4 Re3 48. Be4 Re1 49. Ra5 Rc1+ 50. Kb5 Bf2 51. Ra6 Rc7 52. Ka4 Ra7 53. b5 Rxa6+ 54.
bxa6 Kd6 55. Kb5 Ba7 56. Bd3 Bd4 57. Kc4 Ba7 58. Bg6 Ke5 59. Bf7 Kd6 60. Kd3 Ke5 61.
Bc4 Bb6 62. Bb5 Ba7 63. Ba4 Bb6 64. Bd1 Ba7 65. Kc4 Kd6 66. Kb5 Be3 67. Bc2 Ba7 68. Be4 Be3 1/2-1/2

[Event "*** Titled Tuesday Blitz"]
[Site "Chess.com"]
[Date "2020.05.19"]
[Round "3"]
[White "GlennTipton"]
[Black "Bastiandash"]
[Result "1-0"]
[WhiteElo "2480"]
[BlackElo "2185"]
[TimeControl "180+1"]
[EndTime "12:29:58 PDT"]
[Termination "GlennTipton won on time"]

1. d4 Nf6 2. Nf3 e6 3. Bf4 d5 4.
e3 Bd6 5. Bg3 c5 6. c3 Qc7 7.
Nbd2 Nbd7 8. Bd3 b6 9. e4 Bxg3 10. hxg3 dxe4 11. Nxe4 Bb7 12. Nxf6+ Nxf6 13. Bb5+ Bc6 14.
Qa4 Bxb5 15. Qxb5+ Qd7 16. Qxd7+ Nxd7 17. O-O-O Ke7 18.
Rhe1 cxd4 19. Nxd4 Nc5 20. b4 Na4 21. Re3 Rac8 22.
Kc2 Rhd8 23. Kb3 b5 24. Red3 Rd5 25. Nxb5 Rxb5 26. Kxa4 a6 27. Rd7+ Kf6 28. Kb3 a5 29. a3 axb4 30. axb4 Ra8 31. c4 Rf5 32. f4 Kg6 33. b5 Kh5 34. b6 Kg4 35. b7 Rb8 36.
Rc7 Kxg3 37. c5 Rxc5 38. Rxc5 Rxb7+ 39. Kc3 Kxf4 40. Rd4+ Kg3 41. Rg5+ Kf2 42. Rxg7 h5 43. Rf4+ Ke3 44. Rh4 Rc7+ 45. Kb4 Rb7+ 46. Kc5 Ra7 47. Kd6 Ra6+ 48. Ke7 Ra5 49. Kxf7 e5 50. Rxh5 Ra7+ 51.
Kg8 Ra8+ 52. Kh7 e4 53. g4 Kf4 54. g5 Kg4 55. Rh1 e3 56. g6 Kg5 57. Re7 1-0

[Event "*** Titled Tuesday Blitz"]
[Site "Chess.com"]
[Date "2020.05.19"]
[Round "3"]
[White "Norival"]
[Black "Indianlad"]
[Result "1-0"]
[WhiteElo "2684"]
[BlackElo "2934"]
[TimeControl "180+1"]
[EndTime "12:29:59 PDT"]
[Termination "Norival won by resignation"]

1. d4 Nf6 2. Nf3 d5 3. c4 e6 4. Nc3 Be7 5. Bf4 O-O 6. e3 Nbd7 7. cxd5 Nxd5 8. Nxd5 exd5 9. a3 c5 10. dxc5 Nxc5 11.
Be5 Bf5 12. Be2 Bf6 13. Bd4 Ne6 14. O-O Be4 15. Bxf6 Qxf6 16. Qd2 Qg6 17. Rfd1 Rfd8 18. g3 Qf6 19. Nd4 Ng5 20. f4 Nh3+ 21. Kf1 Qg6 22.
Bf3 Qh6 23. Kg2 Re8 24. Rac1 g5 25. Bxe4 Rxe4 26. Nf5 Qg6 27. Qxd5 Nxf4+ 28. exf4 Re2+ 29. Kf1 Rae8 30. Rc8 Qh5 31. Rxe8+ Rxe8 32. Kf2 Qxh2+ 33. Kf1 Qh3+ 34. Kf2 Qh2+ 35. Kf1 Qh3+ 36. Kg1 gxf4 37. Ne7+ Rxe7 38. Qd8+ Kg7 39. Qxe7 Qxg3+ 40. Kf1 Qf3+ 41. Ke1 Qh1+ 42. Kd2 Qd5+ 43. Kc2 Qf5+ 44. Rd3 f3 45. Qe1 f2 46. Qf1 h5 47. Kd2 Qf4+ 48. Ke2 Qe4+ 49. Kxf2 h4 50. Qg2+ 1-0

[Event "*** Titled Tuesday Blitz"]
[Site "Chess.com"]
[Date "2020.05.19"]
[Round "3"]
[White "Lucas_Tomiello"]
[Black "Benjoneliere44"]
[Result "0-1"]
[WhiteElo "2189"]
[BlackElo "2484"]
[TimeControl "180+1"]
[EndTime "12:29:59 PDT"]
[Termination "Benjoneliere44 won on time"]

1. e4 c5 2. Nf3 d6 3. d4 cxd4 4. Nxd4 Nf6 5. Nc3 g6 6. Be3 Bg7 7. f3 O-O 8. Qd2 Nc6 9. g4 Be6 10. O-O-O Nxd4 11. Bxd4 Qa5 12. a3 Rab8 13. Be2 b5 14.
Nd5 Qxd2+ 15. Rxd2 Bxd5 16. Bxf6 Bxf6 17. Rxd5 a6 18. Kb1 Rfc8 19. f4 h6 20. Rhd1 Bg7 21.
h4 Rc7 22. h5 Rbc8 23. c3 Rc5 24. hxg6 fxg6 25. Rxc5 Rxc5 26. Rd5 Rc8 27. f5 Kf7 28. a4 bxa4 29. Ra5 Rb8 30. Kc2 gxf5 31. exf5 Kf6 32.
Rxa4 h5 33. gxh5 Kxf5 34. Rxa6 Bf6 35. b4 Rg8 36. Bd3+ Kf4 37. Bg6 d5 38. b5 e5 39. b6 Rb8 40. b7 Bd8 41. Rd6 e4 42. Rxd5 e3 43. Kd1 Bh4 44. Rd7 Kf3 45. Rf7+ Kg2 46. Be4+ Kg3 47. Rc7 Kf2 48. Rf7+ Kg3 49. c4 Bd8 50. c5 Ba5 51. c6 Rd8+ 52. Ke2 Bb6 53. Rd7 Rf8 54. c7 Rf2+ 55. Kd3 e2 56.
c8=Q e1=Q 57. Qg8+ Kh2 0-1

[Event "*** Titled Tuesday Blitz"]
[Site "Chess.com"]
[Date "2020.05.19"]
[Round "3"]
[White "Kobalia"]
[Black "GoltsevDmitry2000"]
[Result "1-0"]
[WhiteElo "2806"]
[BlackElo "2570"]
[TimeControl "180+1"]
[EndTime "12:30:00 PDT"]
[Termination "Kobalia won by checkmate"]

1. e4 c5 2. Nf3 e6 3. g3 Nc6 4. Bg2 d5 5. exd5 exd5 6. O-O Nf6 7. d4 Be6 8. Nc3 h6 9. Re1 Be7 10. Ne2 Ne4 11. Nf4 Bg4 12. dxc5 Bxc5 13. Be3 O-O 14. Qxd5 Qxd5 15. Nxd5 Rad8 16. Rad1 Rd7 17. Bxc5 Nxc5 18. h3 Be6 19. Ne5 Nxe5 20. Rxe5 Rfd8 21. c4 Na4 22. b3 Nc3 23. Nxc3 Rxd1+ 24. Nxd1 Rxd1+ 25. Kh2 Rd2 26. Ra5 Rxf2 27. Rxa7 b6 28. Rb7 Rxa2 29.
Rxb6 Rb2 30. c5 Rxb3 31. Rxb3 Bxb3 32. c6 Be6 33. c7 Kf8 34. Bb7 Ke7 35. c8=Q Bxc8 36.
Bxc8 Kf6 37. h4 Ke5 38. Kg2 f5 39. Kf3 g5 40. hxg5 hxg5 41. Bd7 Kf6 42. Ke2 Ke5 43. Kd3 Kf6 44. Kd4 Ke7 45. Bxf5 Kf6 46. g4 Kg7 47.
Ke5 Kh6 48. Ke6 Kg7 49. Bd3 Kh6 50. Kf5 Kg7 51. Kxg5 Kh8 52. Kh6 Kg8 53. g5 Kh8 54. g6 Kg8 55. Bc4+ Kh8 56. g7# 1-0

[Event "*** Titled Tuesday Blitz"]
[Site "Chess.com"]
[Date "2020.05.19"]
[Round "3"]
[White "TigrVShlyape"]
[Black "LostaBet95"]
[Result "1/2-1/2"]
[WhiteElo "2807"]
[BlackElo "2555"]
[TimeControl "180+1"]
[EndTime "12:30:00 PDT"]
[Termination "Game drawn - insufficient material"]

1. d4 d5 2. Nf3 Nf6 3. Bf4 c5 4. e3 Nc6 5. Nbd2 e6 6. c3 Bd6 7. Bg3 O-O 8. Bd3 b6 9. Qe2 Bb7 10. Rd1 Re8 11. e4 Be7 12. e5 Nh5 13. a3 cxd4 14. Nxd4 g6 15. Nxc6 Bxc6 16. Nf3 Bc5 17.
Nd4 Ba4 18. Ra1 f6 19. Nf3 Bf8 20. O-O Nxg3 21. hxg3 f5 22. Nd4 a5 23. g4 Bc5 24.
gxf5 gxf5 25. g3 Ra7 26. Kg2 Rg7 27. Rh1 f4 28. Qh5 Qd7 29. Rh4 Bxd4 30. cxd4 fxg3 31. fxg3 Bb5 32. Bc2 Qf7 33. Qxf7+ Rxf7 34. Rg4+ Rg7 35. Rxg7+ Kxg7 36. Rh1 h6 37. Rh4 Be2 38. Kf2 Bb5 39.
Rg4+ Kf8 40. Rg6 Ke7 41. Rg7+ Kd8 42. Ke3 Re7 43. Rg6 h5 44. Rh6 Rg7 45. Kf4 Rg4+ 46. Kf3 Rxd4 47. Rxe6 Rd2 48. Bf5 Be2+ 49. Kf4 Rxb2 50.
Rc6 Bg4 51. Bxg4 hxg4 52. Kxg4 Ke7 53. Kf5 Rf2+ 54. Kg5 Rf3 55. g4 Rxa3 56. Rxb6 Rf3 57. Rb5 Ke6 58. Rxa5 Kxe5 59. Ra8 d4 60. Re8+ Kd5 61.
Rd8+ Kc4 62. Kh6 Rh3+ 63. Kg6 d3 64. g5 Rg3 65. Kf6 Rf3+ 66. Ke6 Rg3 67. Kf6 Kc3 68.
g6 d2 69. Rxd2 Kxd2 70. g7 Kd3 71. Kf7 Rxg7+ 72. Kxg7 1/2-1/2

[Event "*** Titled Tuesday Blitz"]
[Site "Chess.com"]
[Date "2020.05.19"]
[Round "3"]
[White "Zq1"]
[Black "MrChampion_Coach"]
[Result "1-0"]
[WhiteElo "2524"]
[BlackElo "2295"]
[TimeControl "180+1"]
[EndTime "12:30:02 PDT"]
[Termination "Zq1 won on time"]

1. d4 Nf6 2. c4 g6 3. Nc3 Bg7 4. e4 d6 5. Nf3 O-O 6. Be2 e5 7. O-O Nc6 8. d5 Ne7 9. Ne1 Nd7 10. Be3 f5 11. f3 f4 12. Bf2 g5 13. Nb5 Nf6 14.
Nxa7 Bd7 15. Nb5 g4 16. fxg4 Nxe4 17. Bd3 Nxf2 18. Rxf2 Kh8 19. Nc3 c6 20. h3 cxd5 21. cxd5 Qb6 22. Nf3 Ra5 23. Be4 Rc8 24. Qd3 Bb5 25.
Nxb5 Rxb5 26. b3 Rbc5 27. Raf1 Rc3 28. Qd2 Re3 29. Bb1 e4 30. Ng5 Bc3 31. Qd1 Bb2 32. Bxe4 Rc1 33. Qd2 Rxf1+ 34. Kxf1 Bc3 35. Qd1 Re1+ 36.
Qxe1 Bxe1 37. Kxe1 Qe3+ 38. Re2 Qc3+ 39. Kf1 Qc1+ 40.
Kf2 Qc5+ 41. Kf3 Nxd5 42. Ne6 Qc3+ 43. Kf2 Ne3 44. Nxf4 Nd1+ 45. Kf1 Qc1 46. Nd3 Qa1 47. Re1 Qd4 48. Rxd1 Qxe4 49. Ne1 Qf4+ 50. Nf3 Qb4 51. Rd4 Qc5 52. Rd2 d5 53. Ke2 Qb5+ 54. Rd3 Kg7 55. Ke3 Qc5+ 56. Nd4 Kf6 57. Rd2 Ke5 58. h4 Qc3+ 59.
Rd3 Qc5 60. Rd2 Kd6 61. Ke2 Ke7 62. Rd3 Qc1 63. Rd2 1-0

[Event "*** Titled Tuesday Blitz"]
[Site "Chess.com"]
[Date "2020.05.19"]
[Round "3"]
[White "tteshan"]
[Black "ChessicallyInclined"]
[Result "0-1"]
[WhiteElo "2223"]
[BlackElo "2497"]
[TimeControl "180+1"]
[EndTime "12:30:02 PDT"]
[Termination "ChessicallyInclined won by resignation"]

1. e4 c5 2. c3 Nf6 3. e5 Nd5 4.
Nf3 Nc6 5. Bc4 Nb6 6. Bb3 d5 7. exd6 Qxd6 8. O-O Be6 9. Re1 Bxb3 10. Qxb3 c4 11. Qc2 g6 12. b3 Bg7 13. Ba3 Qd7 14. Bc5 cxb3 15. axb3 Nd5 16. Na3 Nf4 17. Nd4 Nxd4 18.
cxd4 O-O 19. Rxe7 Qg4 20. Qe4 Rad8 21. Nc4 Bxd4 22. Bxd4 Rxd4 23. Qf3 Qxf3 24. gxf3 b5 25. Ne3 Rxd2 26. Rexa7 Nh3+ 27. Kg2 Nxf2 28. R7a2 Rxa2 29.
Rxa2 Nd3 30. Rd2 Rd8 31. Kg1 Kf8 32. Nc2 Ke7 33. Kf1 Rd6 34. Ke2 Nc1+ 35. Kd1 Rxd2+ 36. Kxd2 Nxb3+ 37. Kc3 Nc1 38. Nd4 Kf6 39. Nxb5 Ke5 40. Kd2 Nb3+ 41. Ke3 Nc5 42. Nd4 Ne6 43. Ne2 Kf5 44.
Kf2 h5 45. Ng3+ Kf4 46. Ne4 Nd4 47. Nd2 h4 48. Kg2 Ke3 49. Ne4 Nxf3 50. Nd6 f5 51.
Nc4+ Kf4 52. Nd6 Ne5 53. Ne8 g5 54. Nf6 g4 55. Nh5+ Kg5 56. Ng7 h3+ 57. Kf2 Nf3 58. Ne6+ Kf6 59. Nf4 Nxh2 60. Kg3 Nf3 61. Ne2 Kg5 62.
Nc1 f4+ 63. Kf2 Ne5 64. Ne2 Kf5 65. Kg1 Ke4 66. Nc3+ Kf3 67. Nd1 g3 68. Kh1 Nd3 69. Kg1 h2+ 70. Kh1 Ke2 71. Kg2 Kxd1 0-1

[Event "*** Titled Tuesday Blitz"]
[Site "Chess.com"]
[Date "2020.05.19"]
[Round "3"]
[White "ninullia"]
[Black "SirMittensofMittensville"]
[Result "0-1"]
[WhiteElo "2411"]
[BlackElo "2648"]
[TimeControl "180+1"]
[EndTime "12:30:03 PDT"]
[Termination "SirMittensofMittensville won on time"]

1. d4 Nf6 2. c4 e6 3. Nf3 Bb4+ 4.
Bd2 Bxd2+ 5. Qxd2 O-O 6. Nc3 d5 7. e3 Qe7 8. Rc1 Rd8 9. Qc2 a6 10. cxd5 exd5 11. h3 c6 12. Bd3 Nbd7 13. O-O Re8 14.
a3 Ne4 15. b4 a5 16. b5 Qxa3 17. bxc6 bxc6 18. Nxe4 dxe4 19. Bxe4 Ba6 20. Bxh7+ Kh8 21. Bf5 Nf6 22. Rfd1 Bb5 23. Ne5 Kg8 24. Bd3 Ba4 25.
Qc4 Bb3 26. Rc3 Bxc4 27. Rxa3 Bxd3 28. Rdxd3 c5 29. Ra4 Nd5 30. Rda3 cxd4 31. exd4 Red8 32. Rxa5 Rxa5 33. Rxa5 Nf4 34. Nc6 Rd6 35. d5 Kh7 36.
Nb4 Rg6 37. g3 Nxh3+ 38. Kg2 Ng5 39. f4 Ne4 40. Kf3 Nd6 41. Ra6 f5 42. Nd3 Rh6 43. Ne5 Kg8 44. Rc6 Kf8 45. Rc7 Ne4 46. Rc8+ Ke7 47. Rc7+ Kd6 48. Rd7+ Kc5 49. Rxg7 Kxd5 50. g4 Rh3+ 51. Kg2 Rg3+ 52. Kh2 Kd4 53. Rd7+ Ke3 54. g5 Kxf4 55. Nd3+ Kxg5 56. Rg7+ Kh4 57. Rh7+ Kg4 58. Rg7+ Kf3 59. Ne5+ Kf2 60. Nd3+ Kf3 61. Ne5+ Kf4 62. Nd3+ Rxd3 63. Kg2 Rd2+ 64. Kf1 Kf3 65. Ke1 Re2+ 66. Kf1 Rf2+ 67. Kg1 f4 0-1

[Event "*** Titled Tuesday Blitz"]
[Site "Chess.com"]
[Date "2020.05.19"]
[Round "3"]
[White "CheckThis4"]
[Black "alertakobra"]
[Result "0-1"]
[WhiteElo "2485"]
[BlackElo "2253"]
[TimeControl "180+1"]
[EndTime "12:30:03 PDT"]
[Termination "alertakobra won on time"]

1. d4 d5 2. Nf3 e6 3. Bf4 Nf6 4.
e3 Bd6 5. Nbd2 O-O 6. Bd3 Bxf4 7.
exf4 Qd6 8. g3 b6 9. Qe2 c5 10.
c3 a5 11. O-O Ba6 12. Bxa6 Nxa6 13. Ne5 Nb8 14. Ndf3 Nc6 15. Rfe1 a4 16. Qb5 Ne7 17. dxc5 bxc5 18. Rad1 Rfb8 19. Qe2 h6 20. h4 Ra7 21.
Qc2 Rab7 22. Qxa4 Rxb2 23. Nc4 Qc7 24. Nxb2 Rxb2 25. Ne5 Rb7 26. Rb1 Ra7 27. Qb3 Ra8 28. Qb7 Qd8 29. Re2 Ne4 30. Rc2 Qe8 31. Kg2 c4 32.
Nxc4 Nf5 33. Ne5 f6 34. Nc6 Kh7 35. Nd4 Nfd6 36. Qc6 Qxc6 37. Nxc6 g5 38. hxg5 hxg5 39. fxg5 Nxg5 40. Rb7+ Nxb7 41. Nd4 e5 42. Nf5 Kg6 43.
Ne7+ Kf7 44. Nxd5 Rd8 45. c4 Nc5 46. Rb2 Nge4 47. f3 Nd6 48. Ne3 Ke6 49. Rb6 Ra8 50. g4 Rxa2+ 51. Kg3 Ra6 52. Rb8 Ra3 53. Nd5 Nce4+ 54.
Kh4 Ng5 55. Nc7+ Kd7 56. Nb5 Rxf3 57. Kh5 Nxc4 58. Kg6 Ne3 59. Na7 Nd5 60. Rb7+ Ke6 61. Nc8 Rh3 62. Ra7 e4 63. Ra6+ Ke5 64. Nd6 e3 65. Nc4+ Kd4 66. Ra4 e2 67. Nd6+ Kc5 68. Nb7+ Kb5 0-1

[Event "*** Titled Tuesday Blitz"]
[Site "Chess.com"]
[Date "2020.05.19"]
[Round "3"]
[White "Rozum_Ivan"]
[Black "Sanan_Sjugirov"]
[Result "1/2-1/2"]
[WhiteElo "2599"]
[BlackElo "2829"]
[TimeControl "180+1"]
[EndTime "12:30:04 PDT"]
[Termination "Game drawn - insufficient material"]

1. Nf3 d5 2. e3 Nf6 3. c4 c6 4.
Nc3 e6 5. b3 Bd6 6. Bb2 O-O 7.
d4 Nbd7 8. Be2 b6 9. O-O Bb7 10.
Qc2 Qe7 11. Rad1 Rad8 12. Rfe1 Rfe8 13. Bd3 e5 14. cxd5 cxd5 15. e4 dxe4 16. Nxe4 Nxe4 17.
Bxe4 Bxe4 18. Qxe4 Nf6 19. Qf5 e4 20. d5 Bb4 21. Re2 Qd6 22. Ng5 Qxd5 23. Rxd5 Rxd5 24. Qxd5 Nxd5 25. Rxe4 Rxe4 26. Nxe4 f6 27. Kf1 Kf7 28. Ke2 Be7 29. g3 Ke6 30. Kd3 Nb4+ 31. Kc4 Nxa2 32. Kb5 Nb4 33. Ba3 Nd3 34. Bxe7 Kxe7 35. Ka6 Ke6 36.
Kxa7 Kd5 37. Nd2 b5 38. Kb6 b4 39. Kb5 Kd4 40. Ka4 Kc3 41. Ne4+ Kd4 42. Nd6 Nxf2 43.
Kxb4 Ng4 44. Nf5+ Kd5 45. h3 Nf2 46. Nxg7 Nxh3 47. Ka5 Nf2 48. b4 Ne4 49. Nh5 f5 50.
b5 Kd6 51. b6 Kc6 52. Ka6 Nd6 53. Nf6 h6 54. Ng8 Kd7 55. Nxh6 Ke6 56. Ka5 Nc4+ 57. Kb5 Nxb6 58. Kxb6 Kf6 59. Kc5 Kg5 60. Nxf5 Kxf5 61.
g4+ Kxg4 1/2-1/2

[Event "*** Titled Tuesday Blitz"]
[Site "Chess.com"]
[Date "2020.05.19"]
[Round "3"]
[White "BogdanDeac"]
[Black "Arjun2002"]
[Result "1/2-1/2"]
[WhiteElo "2983"]
[BlackElo "2661"]
[TimeControl "180+1"]
[EndTime "12:30:05 PDT"]
[Termination "Game drawn - insufficient material"]

1. e4 c5 2. Nf3 Nc6 3. Nc3 d6 4. d4 cxd4 5. Nxd4 Nf6 6. h3 g6 7.
Bc4 Bg7 8. O-O O-O 9. Re1 Bd7 10.
Bb3 a6 11. a4 Rc8 12. Be3 Na5 13. Qe2 Nxb3 14. cxb3 e5 15. Nf3 Be6 16. b4 Qe7 17. Red1 Rfd8 18. Bb6 Rd7 19. Rd2 Bc4 20. Qe1 d5 21.
Bc5 Qe6 22. exd5 Nxd5 23. Rad1 Rcd8 24. Qe4 Nxc3 25. bxc3 Rxd2 26. Rxd2 Rxd2 27. Nxd2 Bd5 28. Qe2 Bc6 29. a5 e4 30. Qe3 Qa2 31. Bd4 Qd5 32. Bxg7 Kxg7 33. c4 Qd6 34. Qc3+ Kg8 35. Nb3 Qd1+ 36.
Kh2 Qd6+ 37. g3 Qe6 38. Nc5 Qf5 39. Qe3 Qe5 40. Nb3 Qb2 41. g4 Kg7 42. Qd4+ Qxd4 43. Nxd4 Bd7 44. Kg3 g5 45. h4 h6 46. hxg5 hxg5 47. b5 Kf6 48. bxa6 bxa6 49. Nc2 Ke5 50. f3 exf3 51. Kxf3 f5 52. gxf5 Bxf5 53. Nb4 Be6 54. c5 Bc8 55. Kg3 Kd4 56. c6 Kc5 57. Nxa6+ Bxa6 58. Kg4 Kxc6 59. Kxg5 Kb5 60. Kf4 Kxa5 1/2-1/2

[Event "*** Titled Tuesday Blitz"]
[Site "Chess.com"]
[Date "2020.05.19"]
[Round "3"]
[White "KanseiMigatte"]
[Black "ChessQueen"]
[Result "1/2-1/2"]
[WhiteElo "2408"]
[BlackElo "2602"]
[TimeControl "180+1"]
[EndTime "12:30:05 PDT"]
[Termination "Game drawn by repetition"]

1. d4 Nf6 2. c4 e6 3. Nc3 Bb4 4.
e3 b6 5. Ne2 Bb7 6. a3 Be7 7.
d5 e5 8. g3 O-O 9. Bg2 d6 10.
O-O a5 11. f4 Nfd7 12. h3 f5 13.
fxe5 Nxe5 14. Nd4 Bc8 15. Qe2 a4 16. e4 fxe4 17. Rxf8+ Qxf8 18. Nxe4 Na6 19. Bg5 Bxg5 20. Nxg5 Qe7 21. Nge6 Bxe6 22. Nxe6 Nc5 23. Nd4 Qg5 24.
Kh2 Re8 25. Rf1 h5 26. Qc2 h4 27. g4 Nxg4+ 28. hxg4 Qe5+ 29. Kh1 Qxd4 30. Qf5 Qf6 31. Qh5 Qe7 32. g5 Rf8 33. Rxf8+ Qxf8 34. Qxh4 Qf5 35. Qh5 Qe5 36. Qh4 Qxb2 37. g6 Qb1+ 38. Kh2 Qxg6 39. Qd8+ Kh7 40. Qxc7 Qh6+ 41. Kg1 Qe3+ 42.
Kh2 Qf4+ 43. Kg1 Qd4+ 44. Kh2 Qe5+ 45. Kg1 Nd3 46. Qxb6 Nf4 47. Qf2 Ne2+ 48. Kf1 Ng3+ 49. Kg1 Nf5 50. Bf3 Qa1+ 51. Kh2 Qe5+ 52. Kg1 Nd4 53.
Bg4 g6 54. Qh4+ Kg7 55. Qf2 Qe4 56. Bh3 Qb1+ 57. Kh2 Qe4 58. Bg2 Qe5+ 59. Kg1 Nf5 60. c5 dxc5 61. Qxc5 Qe1+ 62. Kh2 Qg3+ 63. Kg1 Qe1+ 64.
Kh2 Qh4+ 65. Kg1 Qe1+ 1/2-1/2

[Event "*** Titled Tuesday Blitz"]
[Site "Chess.com"]
[Date "2020.05.19"]
[Round "3"]
[White "PavelChernomordik"]
[Black "Harry_Rakkel"]
[Result "0-1"]
[WhiteElo "2388"]
[BlackElo "2583"]
[TimeControl "180+1"]
[EndTime "12:30:05 PDT"]
[Termination "Harry_Rakkel won by resignation"]

1. e4 c5 2. Nc3 Nc6 3. Bb5 Nd4 4.
Bc4 e6 5. Nge2 Ne7 6. O-O Nec6 7.
d3 a6 8. a4 Be7 9. f4 O-O 10. f5 Nxe2+ 11. Qxe2 Nd4 12. Qd1 b6 13. Be3 Bf6 14. Rb1 Bb7 15. Ba2 exf5 16. exf5 Re8 17.
Qd2 d5 18. Nd1 Qd7 19. Qf2 Qxa4 20. Nc3 Qxc2 21. Nxd5 Bxd5 22. Bxd5 Rad8 23. Be4 Qxf2+ 24. Bxf2 Ne2+ 25. Kh1 h6 26. Ra1 a5 27. Ra2 Nd4 28.
g4 Re7 29. Kg2 Nb5 30. Bg3 Be5 31. Bh4 f6 32. b3 Nc3 33. Rc2 Nxe4 34. dxe4 Rd3 35.
Rf3 Red7 36. Re2 Rxf3 37. Kxf3 Rd3+ 38. Re3 Rxe3+ 39. Kxe3 Bxh2 40. Kd3 b5 41. Bf2 Bd6 42. Be1 Bc7 43. Bf2 Bb6 44. Bg3 Kf7 45. e5 fxe5 46. Bxe5 g6 47. Bd6 gxf5 48. gxf5 h5 49. Ke4 h4 50. Kd5 a4 51. bxa4 bxa4 52. Kc4 Kf6 53.
Bf4 Kxf5 54. Bh2 h3 55. Bd6 a3 56. Kb3 Bd8 57. Kxa3 Bf6 58. Kb3 Be5 59. Bxe5 Kxe5 60. Kc4 h2 61. Kb5 h1=Q 0-1

[Event "*** Titled Tuesday Blitz"]
[Site "Chess.com"]
[Date "2020.05.19"]
[Round "3"]
[White "rekosheten"]
[Black "Joshukid"]
[Result "1/2-1/2"]
[WhiteElo "2369"]
[BlackElo "2549"]
[TimeControl "180+1"]
[EndTime "12:30:07 PDT"]
[Termination "Game drawn by repetition"]

1. d4 Nf6 2. Nf3 d5 3. Bf4 e6 4. e3 c5 5. c3 Bd6 6. Bg3 Qc7 7.
Nbd2 Nbd7 8. Rc1 O-O 9. c4 Bxg3 10. hxg3 dxc4 11. Bxc4 Qa5 12. a3 cxd4 13. Nxd4 Ne5 14.
Be2 Bd7 15. O-O Rac8 16. N2f3 Nxf3+ 17. Bxf3 e5 18. Nb3 Qb6 19. Nd2 Qxb2 20. Nc4 Qb5 21. Nd6 Rxc1 22. Qxc1 Qa6 23. Nxb7 Rc8 24. Qb2 e4 25. Be2 Qb6 26. Qxb6 axb6 27. Rb1 Rc2 28. Bf1 h5 29. Rxb6 Ng4 30. Nd6 Nxf2 31. Rb8+ Kh7 32.
Nxf7 Ng4 33. Ng5+ Kg6 34. Nxe4 Nxe3 35. Bd3 Rc1+ 36. Kf2 Ng4+ 37. Ke2 Bf5 38. Rb6+ Kf7 39. Ng5+ Ke7 40. Bxf5 Rc5 41. Re6+ Kf8 42. Nh7+ Kg8 43. Re8+ Kf7 44. Rf8+ Ke7 45. Bxg4 hxg4 46. Ng5 Rxg5 47. Rg8 Re5+ 48. Kf2 Kf7 49. Ra8 Rc5 50. Ra4 Rc2+ 51.
Ke3 Rxg2 52. Rxg4 Ra2 53. Rf4+ Kg6 54. Ra4 Ra1 55. Kf3 Kg5 56. Ra5+ Kh6 57. Kg4 g6 58. Ra6 Ra2 59. Ra5 Ra1 60. Ra4 Ra2 61. Ra7 Ra1 62. Ra8 Ra2 63. Ra5 Ra1 1/2-1/2

[Event "*** Titled Tuesday Blitz"]
[Site "Chess.com"]
[Date "2020.05.19"]
[Round "3"]
[White "Maksimus1998"]
[Black "KuzubovYuriy"]
[Result "1-0"]
[WhiteElo "2451"]
[BlackElo "2697"]
[TimeControl "180+1"]
[EndTime "12:30:08 PDT"]
[Termination "Maksimus1998 won on time"]

1. c4 e5 2. g3 Nc6 3. Nc3 Bc5 4.
Bg2 d6 5. e3 Nge7 6. Nge2 a6 7.
O-O Ba7 8. b3 h5 9. d4 h4 10. d5 Nb8 11. e4 hxg3 12. hxg3 Nd7 13. Qd3 Nc5 14. Qf3 a5 15. Be3 Bd7 16. Nc1 f5 17. Qe2 O-O 18. Nd3 Nxd3 19. Qxd3 f4 20. Bxa7 Rxa7 21. gxf4 Rxf4 22. Ne2 Ng6 23. f3 Rf7 24.
Qe3 Ra8 25. Qf2 Qg5 26. Qg3 Qe3+ 27. Qf2 Qh6 28. Qg3 Nf4 29. Nxf4 exf4 30. Qh2 Qg5 31. Kf2 Rf6 32. Rh1 Rh6 33. Qg1 Rg6 34. Qh2 Rh6 35. Qg1 Rf8 36. Rxh6 Qxh6 37. Qh1 Qf6 38. Re1 Qd4+ 39.
Kf1 a4 40. Re2 axb3 41. axb3 Ra8 42. Re1 b5 43. Bh3 Bxh3+ 44. Qxh3 Qe5 45. Qe6+ Qxe6 46. dxe6 bxc4 47. bxc4 Kf8 48. Rb1 Ra6 49. Rb5 Ke7 50. Rf5 Kxe6 51. Rxf4 Rc6 52. Rg4 Kf7 53. Rf4+ Kg8 54.
e5 dxe5 55. Rf5 Rxc4 56. Rxe5 Rc2 57. Re7 Kh7 58. Re6 c5 59. Rc6 Kg8 60. Rc7 Kh7 61.
f4 Kg6 62. f5+ Kf6 63. Ke1 1-0